Map: Pylon LE

Players

ManlyManMeat - Winner!

  • Race: Zerg Zerg
  • League: Diamond
  • Spawn Location: 5:00

DEGREI

  • Race: Zerg Zerg
  • League: Diamond
  • Spawn Location: 11:00

VOD

Have the link to the VOD?

Description

Time

  • Played on: July 1, 2025, 1:21 p.m.
  • Length: 5:13
Show
View Real Time Build Order
Export as new Build Order

ManlyManMeat Zerg - Winner!

Build Orders: Hatch First 

Get SALT Encoding   

  12  0:00  Drone  
  13  0:08  Drone  
  14  0:14  Extractor  
  14  0:15  Drone  
  15  0:22  Overlord  
  15  0:43  Drone  
  15  0:48  Hatchery  
  15  0:50  Drone  
  15  0:54  Drone  
  17  0:58  Drone  
  18  1:08  Extractor  
  17  1:14  Spawning Pool  
  17  1:18  Drone  
  17  1:21  Drone  
  18  1:26  Drone  
  19  1:41  Drone  
  20  2:00  Queen  
  20  2:01  Queen  
  22  2:02  Zergling x4  
  22  2:06  Overlord  
  26  2:12  Drone x2  
  28  2:17  Metabolic Boost  
  28  2:28  Baneling Nest  
  28  2:29  Zergling x2  
  28  2:30  Zergling x2  
  29  2:37  Drone x2  
  31  2:49  Evolution Chamber  
  30  2:54  Drone x2  
  30  2:55  Drone x2  
  34  3:08  Drone x2  
  34  3:12  Overlord  
  36  3:13  Overlord  
  35  3:37  Zergling x12  
  35  3:38  Baneling  
  35  3:39  Baneling  
  35  3:40  Baneling  
  41  3:44  Zergling x8  
  45  4:00  Baneling  
  45  4:03  Hatchery  
  45  4:05  Zergling x10  
  49  4:14  Zergling x2  
  49  4:15  Zergling x2  
  51  4:21  Baneling x2  
  51  4:23  Zergling x2, Overlord x2  
  46  4:52  Zergling x16  
  50  4:55  Zergling x8  
Show
View Real Time Build Order
Export as new Build Order

DEGREI Zerg 

Build Orders: Hatch First 

Get SALT Encoding   

  12  0:00  Drone  
  13  0:09  Drone  
  14  0:17  Overlord  
  14  0:35  Drone x3  
  17  0:51  Hatchery  
  17  0:54  Drone  
  17  0:57  Drone  
  18  1:09  Extractor  
  17  1:14  Spawning Pool  
  17  1:16  Drone  
  17  1:19  Drone  
  18  1:30  Drone  
  19  1:42  Drone  
  20  1:51  Drone  
  21  2:08  Baneling Nest, Queen x2  
  20  2:10  Zergling x4  
  20  2:13  Drone  
  27  2:17  Drone  
  28  2:23  Overlord  
  28  2:40  Metabolic Boost  
  28  2:43  Hatchery  
  28  2:44  Drone  
  28  2:54  Drone  
  28  2:55  Drone x3  
  32  3:06  Zergling x6  
  35  3:13  Drone  
  36  3:26  Overlord x2  
  34  3:28  Zergling x2  
  35  3:36  Zergling x2  
  34  3:49  Spine Crawler  
  34  3:53  Zergling x6  
  34  3:54  Zergling x2  
  37  3:57  Baneling  
  37  3:58  Baneling  
  37  4:04  Evolution Chamber  
  37  4:05  Evolution Chamber  
  35  4:10  Spine Crawler  
  35  4:11  Drone x3  
  37  4:18  Queen  
  37  4:20  Overlord  
  37  4:22  Drone x2  
  41  4:30  Baneling x2  
  40  4:38  Hatchery  
  31  4:51  Zergling x4  
  31  4:52  Zergling x8  
Tags
 
Matchup
ZvZ
Race
Zerg
Replay Pack
Myownreplay2
Spawn Locations
Cross Positions
Add a new tag
Caveats
  • Supply blocks, unpowered buildings, or Contaminate may cause inaccurate times.
  • Supply counts are checked every 10 seconds.